 Dungeon Crawl Stone Soup version 0.31-a0-150-g89dc3ad700 (webtiles) character file.

Game seed: 12093381328407385550

2103 Dittersdorf the Trooper (level 9, -2/57 HPs)
             Began as a Gargoyle Fighter on June 8, 2023.
             Was a Believer of Okawaru.
             Killed from afar by an orc wizard (4 damage)
             ... with a magic dart
             ... on level 7 of the Dungeon.
             The game lasted 00:08:47 (6598 turns).

Dittersdorf the Trooper (Gargoyle Fighter)          Turns: 6598, Time: 00:08:47

Health: -2/57      AC: 12    Str: 24    XL:     9   Next: 28%
Magic:  9/9        EV:  8    Int:  9    God:    Okawaru [**....]
Gold:   421        SH: 10    Dex:  9    Spells: 8/8 levels left

rFire   . . .        n - +0 morningstar
rCold   . . .        c - +0 buckler
rNeg    + . .        t - +0 chain mail
rPois   ∞            (no helmet)
rElec   +            m - +0 cloak
rCorr   .            w - +1 pair of gloves
SInv    .            (no boots)
Will    .....        j - amulet of reflection Stlth
                     (no ring)
HPRegen 0.29/turn    (no ring)
MPRegen 0.11/turn

%: reflection
@: corroded
A: sickness immunity, AC +6, negative energy resistance 1, electricity
resistance, torment resistance 1, petrification resistance
a: Renounce Religion, Heroism


You were on level 7 of the Dungeon.
You worshipped Okawaru.
Okawaru was pleased with you.
You visited 2 branches of the dungeon, and saw 8 of its levels.

You collected 421 gold pieces.

Inventory:

Hand Weapons
 n - a +0 morningstar (weapon)
Missiles
 f - 9 poisoned darts
Armour
 c - a +0 buckler (worn)
 m - a +0 cloak (worn)
 t - a +0 chain mail (worn)
 w - a +1 pair of gloves (worn)
Jewellery
 j - an amulet of reflection (around neck)
Wands
 h - a wand of roots (10)
 v - a wand of acid (8)
Scrolls
 a - a scroll of poison
 o - a scroll of enchant weapon
Potions
 b - 2 potions of haste
 d - a potion of might
 e - 2 potions of curing
 g - a potion of magic
 i - a potion of resistance
 k - 4 potions of heal wounds
 l - a potion of enlightenment {unknown}
 q - 2 potions of mutation
 u - 2 potions of invisibility


   Skills:
 + Level 7.3 Fighting
 + Level 6.2 Maces & Flails
 + Level 7.3 Armour
 + Level 7.3 Shields


You had 8 spell levels left.
You didn't know any spells.
Your spell library contained the following spells:

 Spells                   Type           Power      Damage    Failure   Level
 Kiss of Death            Conj/Necr      0%         2d5       92%         1
 Magic Dart               Conj           0%         1d3       92%         1
 Ensorcelled Hibernation  Hex/Ice        0%         N/A       98%         2
 Confusing Touch          Hex            0%         N/A       100%        3
 Dazzling Flash           Conj/Hex       0%         N/A       100%        3
 Mephitic Cloud           Conj/Pois/Air  0%         N/A       100%        3
 Spider Form              Tmut/Pois      0%         N/A       100%        3
 Vhi's Electric Charge    Tloc/Air       0%         N/A       100%        3
 Volatile Blastmotes      Fire/Tloc      0%         2d10      100%        3
 Anguish                  Hex/Necr       0%         N/A       100%        4
 Dispel Undead            Necr           0%         3d6       100%        4
 Iskenderun's Mystic Bla  Conj/Tloc      0%         2d3       100%        4
 Arcjolt                  Conj/Air       0%         1d10      100%        5
 Plasma Beam              Fire/Air       0%         2x1d10    100%        6
 Starburst                Conj/Fire      0%         6d3       100%        6
 Call Imp                 Summ           Unusable   N/A       N/A         2

Dungeon Overview and Level Annotations

Branches:
Dungeon (7/15)             Temple (1/1) D:5

Altars:
Ashenzari
Dithmenos
Fedhas
Gozag
Hepliaklqana
Kikubaaqudgha
Makhleb
Nemelex Xobeh
Okawaru
Ru
Sif Muna
Trog
Vehumet
Xom
Yredelemnul
Zin
The Shining One

Shops:
D:2 [

Annotations:
D:3 1 runed translucent door, Crazy Yiuf


Innate Abilities, Weirdness & Mutations

You are immune to sickness and miasma.
Your stone body is resilient. (AC +6)
You are immune to poison.
You resist negative energy. (rN+)
You are resistant to electric shocks. (rElec)
You are resistant to unholy torment.
You are immune to petrification.


Message History

The jelly hits you but does no damage.
You hit the jelly but do no damage.
Your hands burn!
The jelly closely misses you.
You hit the jelly.
Your hands burn!
The jelly is moderately wounded.
The jelly hits you but does no damage.
You puncture the jelly!
You kill the jelly!
Okawaru accepts your kill.
You hear some strange, mumbled words.
A puff of flame appears from out of thin air!
The puff of flame hits you!
* * * LOW HITPOINT WARNING * * *
You hear some strange, mumbled words.
A magic dart appears from out of thin air!
The magic dart hits you!
* * * LOW HITPOINT WARNING * * *
You miss something. You block something's attack.
You hear some strange, mumbled words.
Something tries to affect you, but you resist.
You miss something. Something hits you but does no damage.
You miss something.
The orc wizard casts a spell.
The orc wizard flickers and vanishes!
Something hits you but does no damage.
You closely miss something. Something hits you but does no damage.
You closely miss something. Something hits you but does no damage.
You hit something. Something hits you but does no damage.
You closely miss something.
You hear some strange, mumbled words.
A puff of flame appears from out of thin air!
The puff of flame hits you.
* * * LOW HITPOINT WARNING * * *
Something hits you.
* * * LOW HITPOINT WARNING * * *
You barely miss something. Something hits you but does no damage.
You miss something.
You hear some strange, mumbled words.
A magic dart appears from out of thin air!
The magic dart hits you.
You die...

...........P†~~)~≈≈.~~~
######....P~P~~~~≈~.~P~~
######♣~~~~~~~.P~~#
#♣~~~~P♣.♣~# #♣P~~♣...##
##..#....# >. ##...# ##
#{### #@# #.# ........#
#.......# .........


.P.PPPPP. .P....../P .P.P...P.P P.P._. .P There were no monsters in sight!

Vanquished Creatures
  A hornet (D:7)
  Grinder (D:2)
  A black bear (D:4)
  An ice beast (D:6)
  2 centaurs
  3 phantoms (D:6)
  2 bullfrogs
  2 scorpions
  3 wights
  2 electric eels (D:7)
  2 howler monkeys (D:7)
  A jelly (D:7)
  4 hounds
  A gnoll bouda (D:6)
  2 sleepcaps
  Jessica (D:2)
  3 iguanas
  An orc wizard (D:4)
  4 gnolls
  8 adders
  2 worms (D:3)
  5 dart slugs
  6 orcs
  4 bats
  5 endoplasms
  3 giant cockroaches
  13 goblins
  4 hobgoblins
  8 jackals
  8 kobolds
  7 quokkas
  8 ball pythons
  A frilled lizard (D:2)
  5 rats
124 creatures vanquished.

Vanquished Creatures (others)
  An orc wizard (D:7)
  An orc (D:7)
2 creatures vanquished.

Grand Total: 126 creatures vanquished

Notes
Turn   | Place    | Note
-------+----------+-------------------------------------------
     0 | D:1      | Dittersdorf the Gargoyle Fighter began the quest for the
                  | Orb.
     0 | D:1      | Reached XP level 1. HP: 14/14 MP: 1/1
    95 | D:1      | Reached XP level 2. HP: 19/19 MP: 2/2
   321 | D:1      | Reached XP level 3. HP: 20/23 MP: 3/3
   873 | D:2      | Noticed Jessica
   881 | D:2      | Killed Jessica
   882 | D:2      | Reached XP level 4. HP: 20/29 MP: 4/4
   971 | D:2      | Found Pokotebe's Armour Shop.
   971 | D:2      | Noticed an animated plate armour
   971 | D:2      | Noticed an animated pearl dragon scales
  1187 | D:3      | Noticed Grinder
  1203 | D:3      | Paralysed by Grinder for 3 turns
  1212 | D:2      | Paralysed by Grinder for 3 turns
  1224 | D:2      | Paralysed by Grinder for 2 turns
  1227 | D:2      | Killed Grinder
  1228 | D:2      | Reached XP level 5. HP: 6/34 MP: 5/5
  1228 | D:2      | Reached XP level 6. HP: 7/39 MP: 6/6
  2021 | D:3      | Found a runed translucent door.
  2022 | D:3      | Noticed Crazy Yiuf
  2037 | D:4      | Noticed a black bear
  2140 | D:4      | Killed a black bear
  2141 | D:4      | Reached skill level 5 in Fighting
  2141 | D:4      | Reached skill level 5 in Armour
  2141 | D:4      | Reached skill level 5 in Shields
  2141 | D:4      | Reached XP level 7. HP: 37/44 MP: 7/7
  3401 | D:5      | Entered Level 5 of the Dungeon
  3831 | D:5      | Found a staircase to the Ecumenical Temple.
  3838 | Temple   | Entered the Ecumenical Temple
  4080 | D:5      | Found a hazy altar of Hepliaklqana.
  4081 | D:5      | Found a shimmering altar of Xom.
  4082 | D:5      | Noticed a spectral ugly thing
  4574 | D:6      | Found an iron altar of Okawaru.
  4621 | D:6      | Became a worshipper of Warmaster Okawaru
  4637 | D:6      | Found a broken altar of Ashenzari.
  4644 | D:6      | Reached XP level 8. HP: 51/51 MP: 8/8
  5073 | D:6      | Reached skill level 5 in Maces & Flails
  5302 | D:6      | Reached * piety under Okawaru
  6349 | D:7      | Noticed a hornet
  6363 | D:7      | Killed a hornet
  6364 | D:7      | Reached XP level 9. HP: 40/57 MP: 9/9
  6375 | D:7      | Reached ** piety under Okawaru
  6583 | D:7      | Found a sparkling altar of Nemelex Xobeh.
  6596 | D:7      | HP: 1/57 [something (2)]
  6598 | D:7      | Killed from afar by an orc wizard

Illustrated notes

Levels and vault maps discovered:
D:1:      zaba_arrival_water, layout_basic
D:2:      layout_basic, serial_shops, nicolae_shop_mannequins, uniq_jessica
D:3:      layout_loops_ring, uniq_crazy_yiuf_cottage, uniq_grinder
D:4:      layout_basic
D:5:      layout_loops_corners, regret_index_temple_of_mockery,
          minmay_temple_entry_junction, kennysheep_crisscross,
          chequers_serial_rivers_small_3, grunt_decor_arrowhead
D:6:      layout_basic, lemuel_crystal_altar, evilmike_ruin_ashenzari,
          kennysheep_cross_bottleneck, minmay_bent
D:7:      layout_rooms, mainiacjoe_overflow_boulevard,
          mainiacjoe_overflow_cross_hatched, serial_bayou, serial_bayou_pond_d,
          serial_bayou_lagoon_b, serial_bayou_shore_b, serial_bayou_lagoon_a,
          serial_bayou_crossing, uniq_joseph
Temple:   nicolae_temple_no_exploring_needed

Skill      XL: |  1  2  3  4  5  6  7  8 |
---------------+-------------------------+-----
Fighting       | 4 5 7 |  7.3
Shields        | 4 5 7 |  7.3
Armour         | 4 5 7 |  7.3
Maces & Flails | 3 4 6 |  6.2

Action                     |  1- 3 |  4- 6 |  7- 9 || total
---------------------------+-------+-------+-------++-------
  Melee: Flail             |   129 |   148 |   292 ||   569
         Morningstar       |       |       |    51 ||    51
    Use: Scroll            |       |       |    17 ||    17
 Armour: Scale mail        |    84 |   119 |    50 ||   253
         Chain mail        |       |       |   180 ||   180
  Dodge: Dodged            |    69 |    80 |   143 ||   292
  Block: Buckler           |    40 |    35 |   113 ||   188
         Reflection        |       |       |     1 ||     1

Table legend: (Time is in decaauts)
 A = Elapsed time spent in this place.
 B = Non-inter-level travel time spent in this place.
 C = Inter-level travel time spent in this place.
 D = Time resting spent in this place.
 E = Time spent auto-exploring this place.
 F = Levels seen in this place.
 G = Mean time per level.
                   A        B        C        D        E       F      G
               +--------+--------+--------+--------+--------+-----+--------+
         Total |   6769 |   6522 |    247 |    797 |   4281 |   8 |  846.1 |
       Dungeon |   6767 |   6520 |    247 |    797 |   4281 |   7 |  966.7 |
        Temple |      1 |      1 |      0 |      0 |      0 |   1 |    1.0 |
               +--------+--------+--------+--------+--------+-----+--------+

Top non-repeatable levels by time:
     D:6: 1570 daAuts
     D:5: 1264 daAuts
     D:4: 1156 daAuts
     D:3: 1011 daAuts
     D:1: 727 daAuts
     D:2: 656 daAuts
     D:7: 380 daAuts
  Temple: 1 daAuts
